 Dungeon Crawl Stone Soup version 0.31.0-11-ge490571c62 (webtiles) character file.

Game seed: 11158969762549796146

85787 qw the Markself (level 15, -4/95 HPs)
             Began as a Deep Elf Hunter on Feb 4, 2024.
             Was the Champion of Okawaru.
             Slain by a phantasmal warrior (19 damage)
             ... led by a death knight
             ... on level 13 of the Dungeon.
             The game lasted 00:02:27 (15269 turns).

qw the Markself (Deep Elf Hunter)                  Turns: 15269, Time: 00:02:28

Health: -4/95      AC: 13    Str:  9    XL:     15   Next: 39%
Magic:  19/24      EV: 28    Int: 24    God:    Okawaru [******]
Gold:   1846       SH:  0    Dex: 26    Spells: 14/14 levels left

rFire   + + .        v - +8 longbow "Ucaid" {heavy, rF++ Int+4}
rCold   + + .        (shield currently unavailable)
rNeg    . . .        p - +0 swamp dragon scales
rPois   +            s - -1 hat of the Viny God {Fly rC++ Str-3 Int+4}
rElec   .            f - scarf {repulsion}
rCorr   .            d - +2 pair of gloves
SInv    .            C - +0 pair of boots
Will    +....        t - amulet of faith
Stlth   ++           k - +5 ring of evasion
HPRegen 0.35/turn    r - +6 ring of dexterity
MPRegen 0.19/turn

%: repel missiles, faith
@: about to teleport, finesse-ful, flying, slowed, very slow
A: no striking features
a: Renounce Religion, Heroism, Finesse, Duel


You were on level 13 of the Dungeon.
You worshipped Okawaru.
Okawaru was exalted by your worship.
You visited 3 branches of the dungeon, and saw 19 of its levels.
You also visited: Gauntlet.

You collected 1846 gold pieces.


   Skills:
 - Level 11.3 Fighting
 - Level 20.0 Ranged Weapons
 - Level 8.0 Armour
 + Level 17.3 Dodging
 - Level 1.2 Stealth
 - Level 10.0 Invocations


You had 14 spell levels left.
You didn't know any spells.
Your spell library was empty.

Inventory:

Hand Weapons
 v - the +8 longbow "Ucaid" (weapon) {heavy, rF++ Int+4}
   (Okawaru gifted it to you on level 1 of the Lair of Beasts)

   Int+4:     It affects your intelligence (+4).
   rF++:      It greatly protects you from fire.
 x - a +2 hand cannon of flaming
Armour
 a - a +2 helmet
 c - a +2 cloak
 d - a +2 pair of gloves (worn)
 f - a scarf of repulsion (worn)
 p - +0 swamp dragon scales (worn)
 s - the -1 hat of the Viny God (worn) {Fly rC++ Str-3 Int+4}
   (Okawaru gifted it to you on level 1 of the Lair of Beasts)

   Str-3:     It affects your strength (-3).
   Int+4:     It affects your intelligence (+4).
   rC++:      It greatly protects you from cold.
   Fly:       It grants you flight.
 y - a +0 leather armour of fire resistance
 C - a +0 pair of boots (worn)
Jewellery
 k - a +5 ring of evasion (left hand)
 l - an amulet of reflection
 r - a +6 ring of dexterity (right hand)
 t - an amulet of faith (around neck)
Wands
 h - a wand of mindburst (15)
 n - a wand of paralysis (18)
 q - a wand of iceblast (26)
 A - a wand of acid (5)
 D - a wand of polymorph (4)
Scrolls
 e - 4 scrolls of identify
 o - 6 scrolls of enchant weapon
 B - a scroll of brand weapon {unknown}
Potions
 b - 2 potions of might
 g - 3 potions of curing
 i - 2 potions of resistance
 j - 3 potions of heal wounds
 m - 4 potions of enlightenment
 u - a potion of haste
 w - a potion of cancellation

Dungeon Overview and Level Annotations

Branches:
Dungeon (13/15)            Temple (1/1) D:4            Lair (5/5) D:10
  Swamp (0/4) Lair:2       Spider (0/4) Lair:2        Slime (0/5) Lair:5
    Orc (0/2) D:10         Vaults (0/5) D:13        Gauntlet (visited)

Altars:
Ashenzari
Cheibriados
Dithmenos
Elyvilon
Fedhas
Gozag
Hepliaklqana
Kikubaaqudgha
Makhleb
Nemelex Xobeh
Okawaru
Qazlal
Ru
Sif Muna
Trog
Uskayaw
Vehumet
Wu Jian
Xom
Yredelemnul
Zin
The Shining One

Shops:
D:3 (   D:7 :   D:12 :


Message History

The death knight reflects your damage back at you!
The death knight misses you.
You shoot an arrow.
The arrow barely misses the death knight.
The death knight closely misses you.
You shoot an arrow. The arrow hits the death knight.
The death knight is severely wounded.
The death knight reflects your damage back at you!
The death knight barely misses you.
You shoot an arrow. The arrow hits the death knight!!
You kill the death knight!
Okawaru accepts your kill.
Your damage is reflected back at you!
The wraith misses you.
You shoot an arrow. The arrow hits the freezing wraith!!!
The freezing wraith is almost destroyed.
The freezing wraith hits you. The freezing wraith freezes you. You resist.
The freezing wraith completely misses you.
The wraith closely misses you.
You shoot an arrow.
The arrow closely misses the freezing wraith.
The freezing wraith misses you. The freezing wraith hits you.
The freezing wraith drains your vigour!
You feel yourself slow down.
A phantasmal warrior comes into view.
Enter note:
Enter note:
Enter note:
Enter note:
Enter note:
15268 ||| INVOKING Finesse.
You can now deal lightning-fast blows.
The freezing wraith hits you! The freezing wraith freezes you. You resist.
The freezing wraith hits you but does no damage.
The freezing wraith barely misses you. x2
The phantasmal warrior hits you but does no damage.
15269 ||| READING scroll of teleportation.
As you read the scroll of teleportation, it crumbles to dust.
You feel strangely unstable.
The freezing wraith completely misses you.
The freezing wraith closely misses you. The phantasmal warrior hits you!!
You die...

..............#..........
..........................
.........##...........####
.......W. #...........####
......... #...............
......(p# #...............
.......W# #........#......
........###........#......
........#@.........#......
........WW.........#......
...................#.[....
...................#......
........#......###........
....#####......###.....###
.... #.......#..........
... #.......#.......... ##
....................


You could see a phantasmal warrior and a freezing wraith.

Vanquished Creatures
  Nessos (Lair:4)
  A minotaur (Gauntlet)
  An ice dragon (Lair:5)
  3 vault guards (D:13)
  4 hydras
  2 centaur warriors
  Erica (Lair:1)
  3 two-headed ogres
  A catoblepas (Lair:5)
  4 boulder beetles
  A death knight (D:13)
  A tengu warrior (D:12)
  3 death yaks (Lair:5)
  2 deep elf knights (D:13)
  A fire crab (Gauntlet)
  A deep elf archer (D:13)
  A swamp dragon (Lair:2)
  2 lindwurms (Lair:5)
  2 orc knights (D:13)
  An orc sorcerer (D:13)
  A wolf spider (Lair:5)
  A cyclops (D:12)
  2 ugly things (D:13)
  An oklob plant (Lair:4)
  Maurice (D:9)
  20 elephants
  2 manticores
  9 black mambas
  A guardian serpent (Lair:5)
  Joseph (D:7)
  A meliai (Lair:2)
  2 unseen horrors
  A gargoyle (D:13)
  Maggie (D:7)
  5 torpor snails (Lair:5)
  2 kobold demonologists
  28 cane toads
  4 rime drakes
  10 komodo dragons
  7 trolls
  Psyche (D:10)
  2 tengu conjurers
  10 hornets
  3 tyrant leeches (Lair:5)
  32 blink frogs
  Prince Ribbit (D:7)
  A centaur simulacrum (D:12)
  A vampire (D:12)
  A human (D:13)
  3 wraiths
  2 shadows
  68 yaks
  3 fire bats (Gauntlet)
  14 wyverns
  4 basilisks
  8 vampire mosquitoes
  A warg (D:10)
  4 redbacks (Lair:5)
  5 acid dragons
  26 water moccasins
  2 ice beasts
  8 orc warriors
  A sky beast (D:7)
  A black bear (D:6)
  3 ogres
  12 wolves
  8 centaurs
  2 phantoms (D:4)
  3 kobold brigands
  17 bullfrogs
  2 gnoll sergeants (D:6)
  6 scorpions
  11 wights
  18 killer bees
  2 jellies
  2 gnoll boudas (D:8)
  A bombardier beetle (D:5)
  2 hounds
  8 orc priests
  9 iguanas
  A sleepcap (D:7)
  10 orc wizards
  26 gnolls
  7 adders
  2 shadow imps (D:7)
  2 white imps
  An adder skeleton (D:2)
  An adder zombie (D:2)
  2 dart slugs
  2 ribbon worms
  32 orcs
  4 ball pythons
  4 bats
  A bat skeleton (D:2)
  A bat zombie (D:2)
  6 endoplasms
  4 giant cockroaches
  5 goblins
  5 hobgoblins
  2 jackals (D:2)
  20 kobolds
  A quokka (D:5)
  3 frilled lizards
  2 rats
588 creatures vanquished.

Notes
Turn   | Place    | Note
-------+----------+-------------------------------------------
     0 | D:1      | qw the Deep Elf Hunter began the quest for the Orb.
     0 | D:1      | Reached XP level 1. HP: 12/12 MP: 3/3
     0 | D:1      | 0 ||| qw: Version: 0.3-a-160-g6735b56
     0 | D:1      | 0 ||| qw: Game counter: 5169
     0 | D:1      | 0 ||| qw: Melee chars always use a shield: true
     0 | D:1      | 0 ||| qw: God list: Okawaru
     0 | D:1      | 0 ||| qw: Allow faded altars: false
     0 | D:1      | 0 ||| qw: Do Orc after clearing Dungeon:15 true
     0 | D:1      | 0 ||| qw: Do second Lair branch before Depths: true
     0 | D:1      | 0 ||| qw: Lair rune preference: random
     0 | D:1      | 0 ||| qw: Goals: Normal
     0 | D:1      | 0 ||| PLANNING D:1-11
   551 | D:1      | 551 ||| UPGRADING to +0 ring mail.
   561 | D:1      | 561 ||| DROPPING +0 leather armour.
   562 | D:1      | 562 ||| UPGRADING to +5 ring of evasion.
   563 | D:1      | 563 ||| READING scroll labelled MORASY SOICOMU.
   564 | D:1      | 564 ||| READING 3 scrolls labelled VIPTIE SUST.
   564 | D:1      | Identified 3 scrolls of acquirement
   564 | D:1      | 564 ||| ACQUIRING scarf of repulsion
   564 | D:1      | Acquired a scarf of repulsion
   565 | D:1      | 565 ||| READING 2 scrolls of acquirement.
   565 | D:1      | 565 ||| ACQUIRING +7 orcbow of the Fool {drain, Str+4}
   565 | D:1      | Acquired the +7 orcbow of the Fool {drain, Str+4}
   566 | D:1      | 566 ||| READING scroll of acquirement.
   566 | D:1      | 566 ||| ACQUIRING +0 steam dragon scales of Cheibriados's
                  | Approval {Dex+2}
   566 | D:1      | Acquired the +0 steam dragon scales of Cheibriados's
                  | Approval {Dex+2}
   568 | D:1      | 568 ||| SWAPPING to +7 orcbow of the Fool {drain, Str+4}.
   569 | D:1      | 569 ||| UPGRADING to +0 steam dragon scales of
                  | Cheibriados's Approval {Dex+2}.
   579 | D:1      | 579 ||| DROPPING +0 ring mail.
   580 | D:1      | 580 ||| UPGRADING to scarf of repulsion.
   585 | D:1      | 585 ||| DROPPING +0 shortbow.
   586 | D:1      | 586 ||| READING 2 scrolls labelled XOWUGRATICS.
   587 | D:1      | 587 ||| READING scroll labelled XOCSAO KEAPRO.
   588 | D:1      | 588 ||| READING scroll labelled AGEBAO XUREXYSY.
   589 | D:1      | 589 ||| READING scroll labelled VOICROD LUTU.
   590 | D:1      | 590 ||| DROPPING scroll of butterflies.
   591 | D:1      | 591 ||| DROPPING scroll of fog.
   634 | D:2      | Reached skill level 6 in Ranged Weapons
   634 | D:2      | Reached XP level 2. HP: 16/16 MP: 4/4
   937 | D:2      | Reached XP level 3. HP: 20/20 MP: 5/5
  1083 | D:2      | Reached skill level 7 in Ranged Weapons
  1184 | D:2      | Reached skill level 3 in Dodging
  1208 | D:2      | Reached XP level 4. HP: 25/25 MP: 6/6
  1323 | D:2      | 1323 ||| UPGRADING to +0 pair of gloves.
  1328 | D:2      | 1328 ||| UPGRADING to amulet of guardian spirit.
  1333 | D:2      | 1333 ||| READING scroll labelled VOOCUF VIODYATZEUG.
  1334 | D:2      | 1334 ||| READING 3 scrolls labelled CELUER DEIC.
  1334 | D:2      | 1334 ||| IDENTIFYING lumpy yellow potion
  1335 | D:2      | 1335 ||| READING 2 scrolls of identify.
  1335 | D:2      | 1335 ||| IDENTIFYING emerald potion
  1336 | D:2      | 1336 ||| READING scroll of identify.
  1336 | D:2      | 1336 ||| IDENTIFYING bubbling sapphire potion
  1337 | D:2      | 1337 ||| READING scroll labelled COUPTAZALEE.
  1338 | D:2      | 1338 ||| READING 2 scrolls labelled FEITZE MUKINAM.
  1339 | D:2      | 1339 ||| DRINKING 2 murky red potions.
  1340 | D:2      | 1340 ||| DRINKING 3 golden potions.
  1341 | D:2      | 1341 ||| DROPPING potion of lignification.
  1342 | D:2      | 1342 ||| DROPPING scroll of summoning.
  1421 | D:3      | Found Vytelot's Weapon Emporium.
  2182 | D:3      | 2182 ||| UPGRADING to +2 helmet.
  2201 | D:4      | 2201 ||| STAIRDANCE
  2205 | D:4      | 2205 ||| STAIRDANCE
  2209 | D:4      | 2209 ||| STAIRDANCE
  2217 | D:4      | 2217 ||| STAIRDANCE
  2249 | D:4      | Reached skill level 8 in Ranged Weapons
  2257 | D:4      | Reached XP level 5. HP: 29/29 MP: 7/7
  2282 | D:4      | Found an ancient bone altar of Kikubaaqudgha.
  2300 | D:4      | Noticed a phantom
  2301 | D:4      | 2301 ||| DRINKING potion of haste.
  2310 | D:4      | Killed a phantom
  2311 | D:4      | Reached skill level 9 in Ranged Weapons
  2328 | D:4      | You fall into a shaft and drop 3 floors!
  2329 | D:7      | Noticed a sky beast
  2330 | D:7      | Killed a sky beast
  2331 | D:7      | Reached XP level 6. HP: 36/36 MP: 8/8
  2375 | D:7      | Noticed Joseph
  2382 | D:7      | Killed Joseph
  2383 | D:7      | Reached skill level 6 in Dodging
  2383 | D:7      | Reached XP level 7. HP: 40/40 MP: 9/9
  2426 | D:7      | Reached skill level 10 in Ranged Weapons
  2450 | D:7      | Found Arosec's Book Emporium.
  2453 | D:7      | 2453 ||| DROPPING amulet of magic regeneration.
  2454 | D:7      | 2454 ||| READING scroll labelled KUIT XUKUORUI.
  2454 | D:7      | 2454 ||| ENCHANTING +0 pair of gloves.
  2482 | D:6      | Reached skill level 1 in Armour
  2530 | D:6      | Reached XP level 8. HP: 45/45 MP: 10/10
  2535 | D:6      | Reached skill level 11 in Ranged Weapons
  2594 | D:6      | 2594 ||| DRINKING purple potion.
  2595 | D:6      | 2595 ||| DRINKING sedimented coppery potion.
  2711 | D:6      | Reached skill level 12 in Ranged Weapons
  2774 | D:6      | 2774 ||| UPGRADING to amulet of reflection.
  2784 | D:6      | 2784 ||| DROPPING amulet of guardian spirit.
  2785 | D:6      | 2785 ||| DROPPING +6 ring of intelligence.
  2786 | D:6      | 2786 ||| READING scroll of identify.
  2786 | D:6      | 2786 ||| IDENTIFYING pink potion
  2787 | D:6      | 2787 ||| READING scroll labelled XETUEPOEPN.
  2788 | D:6      | 2788 ||| DROPPING potion of attraction.
  2790 | D:6      | 2790 ||| Stepping ~*~*~tactically~*~*~ (cloud).
  2858 | D:6      | 2858 ||| FLEEEEING.
  2864 | D:5      | Entered Level 5 of the Dungeon
  2885 | D:5      | Reached skill level 3 in Fighting
  2915 | D:4      | Found a sacrificial altar of Ru.
  2937 | D:4      | Found a bloodstained altar of Trog.
  3349 | D:4      | Found a staircase to the Ecumenical Temple.
  3350 | D:4      | 3350 ||| PLANNING TEMPLE
  3355 | Temple   | Entered the Ecumenical Temple
  3356 | Temple   | 3356 ||| PLANNING OKAWARU WORSHIP
  3377 | Temple   | Became a worshipper of Warmaster Okawaru
  3378 | Temple   | 3378 ||| PLANNING D:1-11
  3797 | D:5      | Reached skill level 13 in Ranged Weapons
  3879 | D:5      | Found a glowing silver altar of Zin.
  3902 | D:5      | Identified the +8 dagger "Dugihap" {speed, +Blink Str+5}
  3967 | D:5      | Reached XP level 9. HP: 51/51 MP: 11/11
  4207 | D:6      | Reached * piety under Okawaru
  4208 | D:6      | Reached skill level 14 in Ranged Weapons
  4326 | D:6      | Found a sparkling altar of Nemelex Xobeh.
  4389 | D:6      | 4389 ||| DROPPING scarf of harm.
  4390 | D:6      | 4390 ||| DROPPING ring of flight.
  4391 | D:6      | 4391 ||| READING scroll of identify.
  4391 | D:6      | 4391 ||| IDENTIFYING viscous red potion
  4392 | D:6      | 4392 ||| DROPPING potion of degeneration.
  4539 | D:7      | Reached skill level 1 in Invocations
  4555 | D:7      | Found a blossoming altar of Fedhas.
  4561 | D:7      | 4561 ||| READING scroll of enchant armour.
  4561 | D:7      | 4561 ||| ENCHANTING +1 pair of gloves.
  4624 | D:7      | Reached skill level 3 in Invocations
  4832 | D:7      | Noticed Maggie
  4833 | D:7      | 4833 ||| INVOKING Heroism.
  4838 | D:7      | Killed Maggie
  4901 | D:7      | Noticed a manticore
  4913 | D:7      | 4913 ||| INVOKING Heroism.
  4917 | D:7      | Killed a manticore
  4918 | D:7      | Reached skill level 15 in Ranged Weapons
  4929 | D:7      | Noticed a troll
  4936 | D:7      | Killed a troll
  4965 | D:7      | Killed an unseen horror
  4965 | D:7      | Reached ** piety under Okawaru
  4966 | D:7      | Reached XP level 10. HP: 42/58 MP: 15/15
  5050 | D:7      | Noticed Prince Ribbit
  5053 | D:7      | Killed Prince Ribbit
  5450 | D:7      | 5450 ||| UPGRADING to +0 swamp dragon scales.
  5460 | D:7      | 5460 ||| DROPPING +0 steam dragon scales of Cheibriados's
                  | Approval {Dex+2}.
  5510 | D:8      | 5510 ||| RETREEEEATING.
  5524 | D:8      | Reached skill level 16 in Ranged Weapons
  5611 | D:8      | 5611 ||| RETREEEEATING.
  5612 | D:8      | 5612 ||| RETREEEEATING.
  5629 | D:8      | Reached skill level 3 in Armour
  5647 | D:8      | Reached *** piety under Okawaru
  5963 | D:8      | 5963 ||| UPGRADING to amulet of faith.
  5988 | D:9      | Reached skill level 9 in Dodging
  6269 | D:9      | Noticed Maurice
  6270 | D:9      | 6270 ||| INVOKING Heroism.
  6271 | D:9      | 6271 ||| DRINKING potion of haste.
  6278 | D:9      | Killed Maurice
  6279 | D:9      | Reached skill level 6 in Fighting
  6514 | D:9      | Identified the +7 quarterstaff of Extermination {vamp,
                  | Will+ rCorr}
  6538 | D:9      | Reached **** piety under Okawaru
  6582 | D:9      | Found an ornate altar of the Wu Jian Council.
  6783 | D:9      | 6783 ||| DROPPING +0 cloak.
  6784 | D:9      | 6784 ||| READING scroll of identify.
  6784 | D:9      | 6784 ||| IDENTIFYING white potion
  6785 | D:9      | 6785 ||| DROPPING potion of berserk rage.
  6802 | D:10     | Entered Level 10 of the Dungeon
  6847 | D:10     | Noticed a two-headed ogre
  6848 | D:10     | 6848 ||| INVOKING Finesse.
  6849 | D:10     | 6849 ||| INVOKING Finesse.
  6854 | D:10     | Killed a two-headed ogre
  6855 | D:10     | Reached XP level 11. HP: 64/64 MP: 10/16
  6907 | D:10     | Noticed a centaur warrior
  6910 | D:10     | 6910 ||| DRINKING 2 potions of curing.
  6910 | D:10     | 6910 ||| (to cure confusion)
  6911 | D:10     | 6911 ||| RETREEEEATING.
  6915 | D:10     | 6915 ||| ZAPPING wand of acid (5) at -1,5 (centaur warrior;
                  | floor).
  6917 | D:10     | 6917 ||| ZAPPING wand of acid (4) at -1,4 (centaur warrior;
                  | floor).
  6918 | D:10     | 6918 ||| ZAPPING wand of acid (3) at -1,3 (centaur warrior;
                  | floor).
  6919 | D:10     | 6919 ||| INVOKING Finesse.
  6922 | D:10     | Killed a centaur warrior
  6966 | D:10     | Found a staircase to the Lair.
  6990 | D:10     | Found a basalt altar of Yredelemnul.
  6991 | D:10     | Noticed Psyche
  6998 | D:10     | Killed Psyche
  7023 | D:10     | 7023 ||| RETREEEEATING.
  7025 | D:10     | 7025 ||| RETREEEEATING.
  7026 | D:10     | 7026 ||| RETREEEEATING.
  7027 | D:10     | 7027 ||| RETREEEEATING.
  7037 | D:10     | Reached ***** piety under Okawaru
  7111 | D:10     | Noticed a two-headed ogre
  7112 | D:10     | 7112 ||| INVOKING Finesse.
  7119 | D:10     | Killed a two-headed ogre
  7157 | D:10     | 7157 ||| RETREEEEATING.
  7162 | D:10     | Reached skill level 6 in Invocations
  7254 | D:10     | Received a gift from Okawaru
  7293 | D:10     | Found a staircase to the Orcish Mines.
  7313 | D:10     | Found a glowing golden altar of the Shining One.
  7393 | D:10     | Found a shimmering blue altar of Sif Muna.
  7620 | D:10     | 7620 ||| PLANNING LAIR
  7620 | D:10     | 7620 ||| UPGRADING to +6 ring of dexterity.
  7621 | D:10     | 7621 ||| DROPPING ring of ice.
  7622 | D:10     | 7622 ||| READING scroll labelled DEESOP ZITIUMOU.
  7651 | Lair:1   | Entered Level 1 of the Lair of Beasts
  7720 | Lair:1   | Noticed Erica
  7721 | Lair:1   | 7721 ||| INVOKING Finesse.
  7729 | Lair:1   | Killed Erica
  7870 | Lair:1   | 7870 ||| RETREEEEATING.
  7871 | Lair:1   | 7871 ||| RETREEEEATING.
  7873 | Lair:1   | 7873 ||| RETREEEEATING.
  7879 | Lair:1   | 7879 ||| RETREEEEATING.
  7880 | Lair:1   | Received a gift from Okawaru
  7881 | Lair:1   | Reached XP level 12. HP: 72/72 MP: 20/20
  7940 | Lair:1   | Reached skill level 9 in Invocations
  7979 | Lair:1   | Reached skill level 12 in Dodging
  8106 | Lair:1   | 8106 ||| RETREEEEATING.
  8107 | Lair:1   | 8107 ||| RETREEEEATING.
  8134 | Lair:1   | You fall into a shaft and drop 1 floor!
  8195 | Lair:2   | 8195 ||| RETREEEEATING.
  8196 | Lair:2   | 8196 ||| RETREEEEATING.
  8201 | Lair:2   | Received a gift from Okawaru
  8281 | Lair:2   | 8281 ||| RETREEEEATING.
  8283 | Lair:2   | 8283 ||| RETREEEEATING.
  8287 | Lair:2   | 8287 ||| RETREEEEATING.
  8406 | Lair:2   | 8406 ||| RETREEEEATING.
  8408 | Lair:2   | 8408 ||| RETREEEEATING.
  8417 | Lair:2   | Found a staircase to the Swamp.
  8422 | Lair:2   | Found a hole to the Spider Nest.
  8424 | Lair:2   | Received a gift from Okawaru
  8513 | Lair:2   | 8513 ||| READING scroll of identify.
  8513 | Lair:2   | 8513 ||| IDENTIFYING brown potion
  8532 | Lair:1   | Reached ****** piety under Okawaru
  8541 | Lair:1   | 8541 ||| INVOKING Receive Weapon.
  8541 | Lair:1   | 8541 ||| ACQUIRING +8 longbow "Ucaid" {heavy, rF++ Int+4}
  8541 | Lair:1   | Acquired the +8 longbow "Ucaid" {heavy, rF++ Int+4}
  8541 | Lair:1   | Received a gift from Okawaru
  8542 | Lair:1   | 8542 ||| INVOKING Receive Armour.
  8542 | Lair:1   | 8542 ||| ACQUIRING -1 hat of the Viny God {Fly rC++ Str-3
                  | Int+4}
  8542 | Lair:1   | Acquired the -1 hat of the Viny God {Fly rC++ Str-3 Int+4}
  8542 | Lair:1   | Received a gift from Okawaru
  8544 | Lair:1   | 8544 ||| SWAPPING to +8 longbow "Ucaid" {heavy, rF++
                  | Int+4}.
  8549 | Lair:1   | 8549 ||| DROPPING +7 orcbow of the Fool {drain, Str+4}.
  8738 | Lair:1   | Noticed a four-headed hydra
  8739 | Lair:1   | 8739 ||| RETREEEEATING.
  8740 | Lair:1   | 8740 ||| RETREEEEATING.
  8741 | Lair:1   | 8741 ||| RETREEEEATING.
  8742 | Lair:1   | 8742 ||| ZAPPING wand of acid (2) at -3,-1 (four-headed
                  | hydra; floor).
  8743 | Lair:1   | 8743 ||| ZAPPING wand of acid (1) at -2,0 (four-headed
                  | hydra; floor).
  8744 | Lair:1   | 8744 ||| INVOKING Finesse.
  8746 | Lair:1   | Killed a four-headed hydra
  8901 | Lair:1   | 8901 ||| UPGRADING to -1 hat of the Viny God {Fly rC++
                  | Str-3 Int+4}.
  9048 | Lair:2   | 9048 ||| RETREEEEATING.
  9050 | Lair:2   | 9050 ||| RETREEEEATING.
  9054 | Lair:2   | 9054 ||| RETREEEEATING.
  9055 | Lair:2   | 9055 ||| RETREEEEATING.
  9057 | Lair:2   | 9057 ||| RETREEEEATING.
  9058 | Lair:2   | 9058 ||| RETREEEEATING.
  9059 | Lair:2   | 9059 ||| RETREEEEATING.
  9060 | Lair:2   | 9060 ||| RETREEEEATING.
  9061 | Lair:2   | 9061 ||| RETREEEEATING.
  9062 | Lair:2   | 9062 ||| RETREEEEATING.
  9063 | Lair:2   | 9063 ||| RETREEEEATING.
  9068 | Lair:2   | 9068 ||| INVOKING Finesse.
  9071 | Lair:2   | Reached skill level 17 in Ranged Weapons
  9072 | Lair:2   | Received a gift from Okawaru
  9323 | Lair:2   | Noticed a six-headed hydra
  9324 | Lair:2   | 9324 ||| INVOKING Finesse.
  9326 | Lair:2   | Killed a six-headed hydra
  9466 | Lair:3   | Reached XP level 13. HP: 78/78 MP: 22/22
  9520 | Lair:3   | Reached skill level 18 in Ranged Weapons
  9593 | Lair:3   | 9593 ||| RETREEEEATING.
  9594 | Lair:3   | 9594 ||| RETREEEEATING.
  9623 | Lair:3   | Found a sparkling altar of Nemelex Xobeh.
  9760 | Lair:3   | Received a gift from Okawaru
  9801 | Lair:3   | 9801 ||| RETREEEEATING.
  9802 | Lair:3   | 9802 ||| RETREEEEATING.
  9805 | Lair:3   | 9805 ||| RETREEEEATING.
  9806 | Lair:3   | 9806 ||| RETREEEEATING.
  9807 | Lair:3   | 9807 ||| RETREEEEATING.
  9812 | Lair:3   | Reached skill level 19 in Ranged Weapons
 10088 | Lair:3   | 10088 ||| DROPPING ring of positive energy.
 10116 | Lair:4   | 10116 ||| PLANNING GAUNTLET
 10116 | Lair:4   | 10116 ||| RETREEEEATING.
 10118 | Lair:4   | 10118 ||| RETREEEEATING.
 10119 | Lair:4   | 10119 ||| RETREEEEATING.
 10122 | Lair:4   | 10122 ||| INVOKING Finesse.
 10140 | Lair:4   | 10140 ||| INVOKING Heroism.
 10161 | Lair:4   | Reached skill level 20 in Ranged Weapons
 10340 | Lair:4   | Received a gift from Okawaru
 10362 | Lair:4   | Reached skill level 9 in Fighting
 10373 | Lair:4   | Noticed Nessos
 10379 | Lair:4   | 10379 ||| INVOKING Finesse.
 10383 | Lair:4   | Killed Nessos
 10560 | Lair:4   | 10560 ||| RETREEEEATING.
 10561 | Lair:4   | 10561 ||| RETREEEEATING.
 10585 | Lair:4   | Received a gift from Okawaru
 10645 | Lair:4   | Found a gate leading to a gauntlet.
 10646 | Lair:4   | 10646 ||| READING 2 scrolls of identify.
 10646 | Lair:4   | 10646 ||| IDENTIFYING ruby potion
 10647 | Lair:4   | 10647 ||| READING scroll of identify.
 10647 | Lair:4   | 10647 ||| IDENTIFYING scroll labelled FESTAM YCLI
 10648 | Lair:4   | 10648 ||| DROPPING scroll of revelation.
 10657 | Gauntlet | Entered a Gauntlet
 10657 | Gauntlet | Found a transporter.
 10669 | Gauntlet | Found a transporter.
 10672 | Gauntlet | Found a transporter.
 10673 | Gauntlet | Found a transporter.
 10684 | Gauntlet | Found a transporter.
 10685 | Gauntlet | Found a transporter.
 10697 | Gauntlet | Found a transporter.
 10698 | Gauntlet | Found a transporter.
 10698 | Gauntlet | Found a transporter.
 10706 | Gauntlet | Found a transporter.
 10706 | Gauntlet | Noticed a reaper
 10710 | Gauntlet | Found a transporter.
 10711 | Gauntlet | Found a transporter.
 10719 | Gauntlet | Found a transporter.
 10776 | Gauntlet | Found a transporter.
 10951 | Gauntlet | Noticed a minotaur
 10952 | Gauntlet | 10952 ||| INVOKING Finesse.
 10956 | Gauntlet | Killed a minotaur
 10987 | Gauntlet | Identified the +1 leather armour of Beyond {rPois rN+ Will-
                  | Str+7}
 10987 | Gauntlet | Identified the +0 chain mail of Impressiveness {Fly rC-
                  | Int+5}
 11003 | Gauntlet | 11003 ||| DROPPING +1 leather armour of Beyond {rPois rN+
                  | Will- Str+7}.
 11004 | Gauntlet | 11004 ||| READING scroll of identify.
 11004 | Gauntlet | 11004 ||| IDENTIFYING sapphire potion
 11005 | Gauntlet | 11005 ||| DROPPING potion of invisibility.
 11018 | Lair:4   | 11018 ||| PLANNING LAIR
 11296 | Lair:5   | Entered Level 5 of the Lair of Beasts
 11298 | Lair:5   | 11298 ||| RETREEEEATING.
 11299 | Lair:5   | 11299 ||| RETREEEEATING.
 11300 | Lair:5   | 11300 ||| RETREEEEATING.
 11301 | Lair:5   | 11301 ||| RETREEEEATING.
 11302 | Lair:5   | 11302 ||| RETREEEEATING.
 11303 | Lair:5   | 11303 ||| RETREEEEATING.
 11304 | Lair:5   | 11304 ||| RETREEEEATING.
 11305 | Lair:5   | 11305 ||| RETREEEEATING.
 11306 | Lair:5   | 11306 ||| RETREEEEATING.
 11307 | Lair:5   | 11307 ||| RETREEEEATING.
 11308 | Lair:5   | Reached XP level 14. HP: 47/88 MP: 23/23
 11308 | Lair:5   | 11308 ||| RETREEEEATING.
 11309 | Lair:5   | 11309 ||| RETREEEEATING.
 11310 | Lair:5   | 11310 ||| RETREEEEATING.
 11310 | Lair:5   | HP: 19/88 [elephant (6)]
 11311 | Lair:5   | 11311 ||| READING 2 scrolls of teleportation.
 11312 | Lair:5   | 11312 ||| DRINKING 5 potions of heal wounds.
 11313 | Lair:5   | 11313 ||| RETREEEEATING.
 11314 | Lair:5   | 11314 ||| RETREEEEATING.
 11315 | Lair:5   | 11315 ||| RETREEEEATING.
 11316 | Lair:5   | 11316 ||| INVOKING Finesse.
 11318 | Lair:5   | 11318 ||| INVOKING Heroism.
 11330 | Lair:5   | HP: 18/88 [hornet (6)]
 11331 | Lair:5   | 11331 ||| READING scroll of teleportation.
 11332 | Lair:5   | 11332 ||| DRINKING 4 potions of heal wounds.
 11335 | Lair:5   | 11335 ||| RETREEEEATING.
 11336 | Lair:5   | 11336 ||| RETREEEEATING.
 11337 | Lair:5   | 11337 ||| RETREEEEATING.
 11338 | Lair:5   | 11338 ||| RETREEEEATING.
 11339 | Lair:5   | 11339 ||| RETREEEEATING.
 11340 | Lair:5   | 11340 ||| RETREEEEATING.
 11360 | Lair:5   | HP: 20/88 [water moccasin (6)]
 11361 | Lair:5   | 11361 ||| DRINKING 3 potions of heal wounds.
 11365 | Lair:5   | 11365 ||| DRINKING 2 potions of heal wounds.
 11369 | Lair:5   | Reached skill level 6 in Armour
 11655 | Lair:5   | Received a gift from Okawaru
 11667 | Lair:5   | 11667 ||| RETREEEEATING.
 11704 | Lair:5   | 11704 ||| RETREEEEATING.
 11705 | Lair:5   | 11705 ||| RETREEEEATING.
 11711 | Lair:5   | Reached skill level 15 in Dodging
 11716 | Lair:5   | 11716 ||| RETREEEEATING.
 11717 | Lair:5   | 11717 ||| RETREEEEATING.
 11718 | Lair:5   | 11718 ||| RETREEEEATING.
 11719 | Lair:5   | 11719 ||| RETREEEEATING.
 11720 | Lair:5   | 11720 ||| RETREEEEATING.
 11721 | Lair:5   | 11721 ||| RETREEEEATING.
 11722 | Lair:5   | 11722 ||| RETREEEEATING.
 11723 | Lair:5   | 11723 ||| RETREEEEATING.
 11730 | Lair:5   | 11730 ||| RETREEEEATING.
 11987 | Lair:5   | 11987 ||| RETREEEEATING.
 11998 | Lair:5   | 11998 ||| RETREEEEATING.
 11999 | Lair:5   | 11999 ||| RETREEEEATING.
 12000 | Lair:5   | 12000 ||| RETREEEEATING.
 12002 | Lair:5   | Received a gift from Okawaru
 12179 | Lair:5   | 12179 ||| INVOKING Finesse.
 12519 | Lair:5   | Found a staircase to the Slime Pits.
 12597 | Lair:5   | 12597 ||| INVOKING Finesse.
 12648 | Lair:5   | 12648 ||| INVOKING Finesse.
 12682 | Lair:5   | Received a gift from Okawaru
 12743 | Lair:5   | 12743 ||| RETREEEEATING.
 12745 | Lair:5   | 12745 ||| INVOKING Finesse.
 13115 | Lair:5   | 13115 ||| PLANNING D:1-11
 13115 | Lair:5   | 13115 ||| DROPPING ring of magical power.
 13340 | D:11     | 13340 ||| Stepping randomly (disturbance).
 13341 | D:11     | 13341 ||| Stepping randomly (disturbance).
 13342 | D:11     | 13342 ||| Stepping randomly (disturbance).
 13343 | D:11     | 13343 ||| Stepping randomly (disturbance).
 14139 | D:11     | 14139 ||| PLANNING D
 14161 | D:12     | Reached XP level 15. HP: 95/95 MP: 24/24
 14275 | D:12     | Found Tofawu's Book Shop.
 14704 | D:12     | Received a gift from Okawaru
 14745 | D:12     | 14745 ||| UPGRADING to +0 pair of boots.
 14750 | D:12     | 14750 ||| READING 4 scrolls of identify.
 14750 | D:12     | 14750 ||| IDENTIFYING scroll labelled QABEAGARUE
 14751 | D:12     | 14751 ||| DROPPING scroll of vulnerability.
 14757 | D:13     | 14757 ||| STAIRDANCE
 14765 | D:13     | 14765 ||| STAIRDANCE
 14774 | D:13     | 14774 ||| STAIRDANCE
 14782 | D:13     | 14782 ||| STAIRDANCE
 15115 | D:13     | Found a gate to the Vaults.
 15157 | D:13     | Received a gift from Okawaru
 15254 | D:13     | 15254 ||| RETREEEEATING.
 15255 | D:13     | 15255 ||| RETREEEEATING.
 15257 | D:13     | 15257 ||| RETREEEEATING.
 15268 | D:13     | 15268 ||| INVOKING Finesse.
 15268 | D:13     | HP: 21/95 [freezing wraith[a death knight] (8)]
 15269 | D:13     | 15269 ||| READING scroll of teleportation.
 15269 | D:13     | Slain by a phantasmal warrior

Levels and vault maps discovered:
D:1:      tarquinn_simple_flora_water_b, layout_loops_ring
D:2:      kennysheep_six_static_rooms, layout_basic, serial_undead,
          serial_undead_b, serial_undead_b, serial_undead_d, serial_undead_a
D:3:      layout_loops_corners, serial_shops, shop, serial_bayou_pond_a,
          uniq_crazy_yiuf_cottage
D:4:      layout_layer_cave, mainiacjoe_overflow_alcove_1, lemuel_doored_altar,
          trog_three_pillars_becter, minmay_temple_entry_nine_rooms
D:5:      layout_rooms, general_overflow_altar
D:6:      layout_basic, nemelex_diamond_rough_becter
D:7:      minmay_chambers_of_sixes, layout_basic, fedhas_bush_and_centaur_altar,
          serial_shops, nicolae_stop_n_shop_2, uniq_joseph, uniq_maggie,
          uniq_prince_ribbit1
D:8:      layout_rooms
D:9:      layout_loops_corners, nzn_wu_jian_contemplation, uniq_maurice
D:10:     layout_irregular_city, nicolae_overflow_crystal_walls,
          pf_just_have_faith, mainiacjoe_overflow_six_doors_small,
          erik_lair_orcish_takeover, david_orc_3, uniq_psyche
D:11:     layout_basic
D:12:     layout_loops_cross, serial_shops, nicolae_shop_crystal,
          grunt_ministairs_7
D:13:     layout_basic, grunt_vaults_entry_fortified, st_stairs_8,
          grunt_ministairs_14
Temple:   minmay_temple_forest_path
Lair:1:   beast_lair_carwin_large_3, layout_regular_city,
          nicolae_lair_grove_arrangements, uniq_erica
Lair:2:   layout_gridlike, minmay_swamp_entry_reptiles,
          hellmonk_spider_entry_not_the_bees, grunt_megastairs_5
Lair:3:   layout_misc_corridors, basic_altar, beast_lair_carwin_11
Lair:4:   layout_roguey, gauntlet_entry_generic, chequers_serial_rivers_micro_c,
          minmay_stone_trees_medium, beast_lair_carwin_10, grunt_megastairs_2,
          uniq_nessos
Lair:5:   hangedman_lair_tendril_chambers, layout_misc_corridors, wormcave,
          dpeg_slime_entry_corner, grunt_forest_stairs_basic

Skill      XL: |  1  2  3  4  5  6  7  8  9 10 11 12 13 14 15 |
---------------+----------------------------------------------+-----
Ranged Weapons | 6 7 8 9 10 13 15 16 17 20 | 20.0
Dodging        | 3 6 7 10 11 13 16 17 | 17.3
Fighting       | 2 3 4 6 7 8 10 11 | 11.3
Armour         | 1 3 4 5 7 8 |  8.0
Invocations    | 4 8 10 | 10.0
Stealth        | |  1.2

Action                     |  1- 3 |  4- 6 |  7- 9 | 10-12 | 13-15 || total
---------------------------+-------+-------+-------+-------+-------++-------
   Fire: Shortbow          |    11 |       |       |       |       ||    11
         Orcbow            |    43 |    63 |   201 |   507 |       ||   814
         Longbow           |       |       |       |    48 |   639 ||   687
 Invoke: Heroism           |       |       |     2 |     1 |     2 ||     5
         Finesse           |       |       |       |     7 |     9 ||    16
         Receive Weapon    |       |       |       |     1 |       ||     1
         Receive Armour    |       |       |       |     1 |       ||     1
  Evoke: Wand              |       |       |       |     5 |       ||     5
    Use: Scroll            |     8 |     6 |     5 |     3 |     7 ||    29
         Potion            |       |     3 |     2 |     2 |     4 ||    11
 Armour: Leather armour    |     1 |       |       |       |       ||     1
         Steam dragon scal |     2 |     4 |    15 |     1 |       ||    22
         Swamp dragon scal |       |       |       |    35 |   173 ||   208
  Dodge: Dodged            |    10 |    11 |    49 |   139 |   459 ||   668
         Repelled          |       |       |       |     1 |     5 ||     6
  Block: Other             |       |       |     7 |    15 |       ||    22
         Reflection        |       |       |       |     1 |       ||     1

Table legend:
 A = Non-vault XP
 B = Vault XP
 C = Vault XP percentage of total XP
 D = Non-vault monster count
 E = Vault monster count
 F = Vault count percentage of total count
                 A         B        C        D         E       F
            +---------+---------+-------+---------+---------+-------
      Total |   72383 |   50171 |  40.9 |     411 |     177 |  30.1
            +---------+---------+-------+---------+---------+-------
        D:1 |      11 |       0 |   0.0 |       6 |       0 |   0.0
        D:2 |      48 |      38 |  44.2 |      13 |      10 |  43.5
        D:3 |      63 |       0 |   0.0 |      21 |       0 |   0.0
        D:4 |     376 |       0 |   0.0 |      17 |       0 |   0.0
        D:5 |     742 |       0 |   0.0 |      14 |       0 |   0.0
        D:6 |    1013 |       0 |   0.0 |      29 |       0 |   0.0
        D:7 |    1440 |    2584 |  64.2 |      28 |      10 |  26.3
        D:8 |    2273 |       0 |   0.0 |      48 |       0 |   0.0
        D:9 |    1390 |     498 |  26.4 |      11 |       1 |   8.3
       D:10 |    5712 |    1326 |  18.8 |      25 |      16 |  39.0
       D:11 |    3487 |       0 |   0.0 |      12 |       0 |   0.0
       D:12 |    4326 |    2623 |  37.7 |      17 |       9 |  34.6
       D:13 |    4791 |    8274 |  63.3 |       9 |      18 |  66.7
     Lair:1 |    8070 |    3041 |  27.4 |      31 |      12 |  27.9
     Lair:2 |    6146 |    3176 |  34.1 |      24 |      15 |  38.5
     Lair:3 |    5701 |    1929 |  25.3 |      25 |       7 |  21.9
     Lair:4 |    8585 |    7644 |  47.1 |      23 |      19 |  45.2
     Lair:5 |   18209 |   16717 |  47.9 |      58 |      55 |  48.7
   Gauntlet |       0 |    2321 | 100.0 |       0 |       5 | 100.0
            +---------+---------+-------+---------+---------+-------
